 Dungeon Crawl Stone Soup version 0.32-a0-931-g5a2cda0630 (webtiles) character file.

Game seed: 12287811326738524567

15222 Decritt the Fighter (level 12, -4/82 HPs)
             Began as a Gargoyle Fighter on Apr 13, 2024.
             Was an Elder of Ru.
             Slain by a 12-headed hydra (11 damage)
             ... on level 11 of the Dungeon.
             The game lasted 00:30:33 (12026 turns).

Decritt the Fighter (Gargoyle Fighter)             Turns: 12026, Time: 00:30:33

Health: -4/82      AC: 35    Str: 29    XL:     12   Next: 24%
Magic:  12/12      EV:  8    Int: 15    God:    Ru [****..]
Gold:   343        SH: 10    Dex:  9    Spells: 11/11 levels left

rFire   . . .        s - +11 long sword of Defiance {freeze, rCorr Str+4}
rCold   . . .        c - +0 buckler
rNeg    + + .        G - +2 chain mail {rN+}
rPois   ∞            x - +1 hat
rElec   +            q - +2 cloak {rCorr}
rCorr   +            f - +1 pair of gloves
SInv    .            H - +1 pair of boots of Vuneby {rCorr Int+6}
Will    .....        o - amulet of reflection Stlth
                     p - +4 ring of protection
HPRegen 0.33/turn    d - ring of flight
MPRegen 0.13/turn

%: reflection
@: mighty, flying
A: sickness immunity, AC +8, negative energy resistance 1, electricity
resistance, torment resistance 1, petrification resistance, no stealth,
inability to use devices, hated by all
a: Renounce Religion, Draw Out Power, Power Leap


You were on level 11 of the Dungeon.
You worshipped Ru.
Ru was greatly pleased with you.
You visited 2 branches of the dungeon, and saw 12 of its levels.
You also visited: Bailey.

You collected 763 gold pieces.
You spent 420 gold pieces at shops.

Inventory:

Hand Weapons
 s - the +11 long sword of Defiance (weapon) {freeze, rCorr Str+4}
   (You found it on level 8 of the Dungeon)

   Str+4:     It affects your strength (+4).
   rCorr:     It protects you from acid and corrosion.
Armour
 c - a +0 buckler (worn)
 f - a +1 pair of gloves (worn)
 g - a +1 pair of boots
 q - a +2 cloak of preservation (worn)
 x - a +1 hat (worn)
 G - a +2 chain mail of positive energy (worn)
 H - the +1 pair of boots of Vuneby (worn) {rCorr Int+6}
   (You found it on level 11 of the Dungeon)

   Int+6:     It affects your intelligence (+6).
   rCorr:     It protects you from acid and corrosion.
Jewellery
 d - a ring of flight (right hand)
 m - a ring of fire
 n - a +5 ring of evasion
 o - an amulet of reflection (around neck)
 p - a +4 ring of protection (left hand)
 w - a +6 ring of intelligence
 D - a ring of resist corrosion
 I - a ring of wizardry
Scrolls
 b - a scroll of noise
 h - 3 scrolls of teleportation
 i - 3 scrolls of immolation
 r - a scroll of identify
 t - a scroll of blinking
 z - a scroll of fog
 B - 2 scrolls of revelation
 C - a scroll of vulnerability
 J - a scroll of enchant weapon {unknown}
 K - a scroll of poison {unknown}
Potions
 a - a potion of heal wounds {unknown}
 e - a potion of magic
 j - a potion of lignification {unknown}
 k - 3 potions of might
 l - a potion of ambrosia
 u - a potion of invisibility
 v - 3 potions of berserk rage {unknown}
 y - 2 potions of mutation
 A - a potion of attraction
 E - 4 potions of curing
 F - a potion of degeneration {unknown}
 L - a potion of resistance {unknown}


   Skills:
 * Level 12.9 Fighting
 * Level 7.3 Long Blades
 - Level 4.4(5.9) Axes
 - Level 6.6(7.4) Maces & Flails
 + Level 9.3 Armour
 + Level 9.3 Shields


You had 11 spell levels left.
You didn't know any spells.
Your spell library contained the following spells:

 Spells                   Type           Power      Damage    Failure   Level
 Magic Dart               Conj           0%         1d3       71%         1
 Searing Ray              Conj           0%         2d4       85%         2
 Teleport Other           Tloc           0%         N/A       97%         3
 Fulminant Prism          Conj/Alch      0%         3d5       100%        4
 Borgnjor's Vile Clutch   Necr/Erth      0%         N/A       100%        5
 Dispersal                Tloc           0%         N/A       100%        6
 Gell's Gavotte           Tloc           0%         2d(11-16) 100%        6
 Animate Dead             Necr           Unusable   N/A       N/A         4
 Death Channel            Necr           Unusable   N/A       N/A         6
 Haunt                    Necr/Summ      Unusable   N/A       N/A         7
 Infestation              Necr           Unusable   N/A       N/A         8

Dungeon Overview and Level Annotations

Branches:
Dungeon (11/15)            Temple (1/1) D:6            Lair (0/5) D:9
    Orc (0/2) D:11         Bailey (visited)

Altars:
Ashenzari
Cheibriados
Dithmenos
Elyvilon
Gozag
Kikubaaqudgha
Makhleb
Nemelex Xobeh
Okawaru
Qazlal
Ru
Sif Muna
Trog
Uskayaw
Vehumet
Wu Jian
Xom
Zin
The Shining One

Shops:
D:2 =   D:8 *

Annotations:
D:9 3 runed translucent doors, G0Dl1kE's ghost, journeyman DjCj; Lodul


Innate Abilities, Weirdness & Mutations

You are immune to sickness and miasma.
Your stone body is resilient. (AC +8)
You are immune to poison.
You resist negative energy. (rN+)
You are resistant to electric shocks. (rElec)
You are resistant to unholy torment.
You are immune to petrification.
You cannot be stealthy.
You cannot study or use magical devices.
You are hated by all.


Message History

The ten-headed hydra bites you. x2
* * * LOW HITPOINT WARNING * * *
The ten-headed hydra bites you.
* * * LOW HITPOINT WARNING * * *
You focus your inner power and illuminate the ten-headed hydra in retribution!
The ten-headed hydra bites you but does no damage.
Unknown command.
You lop one of the ten-headed hydra's heads off!
The nine-headed hydra grows two more!
You slash the 11-headed hydra! You freeze the 11-headed hydra!
The 11-headed hydra is heavily wounded.
The 11-headed hydra barely misses you.
You block the 11-headed hydra's attack. x2
The 11-headed hydra bites you.
* * * LOW HITPOINT WARNING * * *
The 11-headed hydra bites you but does no damage. x2
The 11-headed hydra bites you!
* * * LOW HITPOINT WARNING * * *
The 11-headed hydra bites you but does no damage.
The 11-headed hydra bites you.
* * * LOW HITPOINT WARNING * * *
The 11-headed hydra bites you but does no damage. x2
You feel very mighty all of a sudden.
You block the 11-headed hydra's attack. x2
The 11-headed hydra bites you but does no damage.
The 11-headed hydra closely misses you. x2
The 11-headed hydra bites you but does no damage.
The 11-headed hydra closely misses you.
The 11-headed hydra bites you but does no damage. x2
The 11-headed hydra bites you.
* * * LOW HITPOINT WARNING * * *
The 11-headed hydra bites you but does no damage.
You chop one of the 11-headed hydra's heads off!
The ten-headed hydra grows two more!
You slash the 12-headed hydra!
The 12-headed hydra seems to slow down.
You freeze the 12-headed hydra!
The 12-headed hydra is severely wounded.
You block the 12-headed hydra's attack. The 12-headed hydra bites you!
* * * LOW HITPOINT WARNING * * *
The 12-headed hydra bites you!
You die...
Ru respects your ultimate sacrifice.

##...#### #........
#..#.#### #..#.# ###.#
########).#.### .....
#.............# ###.#
#### #.######..#.#.#
###.
#....###.######).....#
....
#....D@..........#.#.##
###.
#..#####.####.[........
#
#..#####.####>.....#.##
# #
#..........(.........#
###.#
#.######.####......#.#
....#.# #.# ####.#
#......#.## ......# #.#
#..<.# ###.##.....
####### #.###.####
#.######. ..##
#.##.#.## #.# #.


You could see a 12-headed hydra (slow, corona).

Vanquished Creatures
  An ogre mage (D:10)
  A boulder beetle (D:11)
  A centaur warrior (D:10)
  2 two-headed ogres (D:9)
  An orc knight (D:11)
  2 ugly things (D:10)
  A cyclops (D:10)
  A manticore (D:11)
  2 gargoyles
  An unseen horror (D:10)
  A tengu conjurer (D:10)
  4 trolls
  Grinder (D:4)
  2 hornets
  A slime creature (D:10)
  5 shadows
  2 wyverns (D:10)
  2 wraiths
  A steam dragon (D:7)
  8 yaks
  A vampire mosquito (D:10)
  Edmund (D:6)
  3 water moccasins
  Duvessa (D:4)
  5 orc warriors
  3 centaurs
  7 ogres
  2 phantoms (D:6)
  5 kobold brigands
  Blork the orc (D:4)
  4 bullfrogs
  A gnoll sergeant (D:7)
  A scorpion (D:6)
  8 wights
  Dowan (D:4)
  3 killer bees (D:7)
  9 vampire bats (Bailey)
  4 howler monkeys
  7 wolf zombies (Bailey)
  2 bombardier beetles
  2 hounds
  2 gnoll boudas
  7 orc priests
  A jelly (D:5)
  Crazy Yiuf (D:2)
  An iguana (D:6)
  10 orc wizards
  19 gnolls
  2 adders
  A shadow imp (D:5)
  2 dart slugs
  4 ribbon worms
  51 orcs
  4 endoplasms
  3 giant cockroaches
  9 goblins
  6 hobgoblins
  4 quokkas
  7 ball pythons
  8 bats
  2 frilled lizards
  22 kobolds
  18 orc zombies (Bailey)
  7 rats
302 creatures vanquished.

Vanquished Creatures (others)
  A vampire (Bailey)
  A kobold (D:8)
2 creatures vanquished.

Grand Total: 304 creatures vanquished

Notes
Turn   | Place    | Note
-------+----------+-------------------------------------------
     0 | D:1      | Decritt the Gargoyle Fighter began the quest for the Orb.
     0 | D:1      | Reached XP level 1. HP: 14/14 MP: 1/1
   198 | D:1      | Reached XP level 2. HP: 19/19 MP: 2/2
   817 | D:2      | Reached XP level 3. HP: 14/24 MP: 3/3
   882 | D:1      | Reached skill level 4 in Fighting
   928 | D:2      | Reached XP level 4. HP: 28/29 MP: 4/4
  1075 | D:2      | Found a runed translucent door.
  1076 | D:2      | Noticed Crazy Yiuf
  1482 | D:2      | Found Padiet's Jewellery Shoppe.
  1527 | D:2      | Killed Crazy Yiuf
  1528 | D:2      | Reached XP level 5. HP: 34/34 MP: 5/5
  1611 | D:3      | Found an opulent altar of Gozag.
  1614 | D:3      | Found an opulent altar of Gozag.
  1619 | D:3      | Found an opulent altar of Gozag.
  1634 | D:3      | Found an opulent altar of Gozag.
  1775 | D:3      | Found a radiant altar of Vehumet.
  1791 | D:3      | Identified the +0 scale mail "Keorphawo" {Harm rPois
                  | Stlth+}
  2100 | D:3      | Reached XP level 6. HP: 35/40 MP: 6/6
  2532 | D:4      | Found a burning altar of Makhleb.
  2544 | D:4      | Noticed Blork the orc
  2552 | D:4      | Killed Blork the orc
  2553 | D:4      | Reached skill level 5 in Fighting
  2650 | D:4      | Noticed Duvessa
  2650 | D:4      | Noticed Dowan
  2667 | D:4      | Killed Duvessa
  2671 | D:4      | Killed Dowan
  2672 | D:4      | Reached XP level 7. HP: 36/44 MP: 7/7
  3023 | D:4      | Noticed Grinder
  3706 | D:5      | Entered Level 5 of the Dungeon
  3792 | D:5      | Reached skill level 6 in Fighting
  3867 | D:5      | Reached skill level 1 in Maces & Flails
  3902 | D:5      | Reached skill level 5 in Armour
  3963 | D:5      | Reached skill level 5 in Shields
  3963 | D:5      | Reached XP level 8. HP: 51/52 MP: 8/8
  3981 | D:5      | Found a stormy altar of Qazlal.
  4529 | D:6      | Noticed Edmund
  4542 | D:6      | Killed Edmund
  4543 | D:6      | Reached skill level 7 in Fighting
  4587 | D:6      | Found a broken altar of Ashenzari.
  4608 | D:6      | Found a staircase to the Ecumenical Temple.
  4621 | Temple   | Entered the Ecumenical Temple
  4733 | Temple   | Became a worshipper of Ru the Awakened
  4907 | D:6      | Reached XP level 9. HP: 22/59 MP: 9/9
  5393 | D:6      | Reached skill level 8 in Fighting
  5736 | D:7      | Reached skill level 5 in Maces & Flails
  5928 | D:7      | Gained mutation: You are hated by all. [Ru sacrifice]
  5928 | D:7      | Reached * piety under Ru
  5928 | D:7      | Reached ** piety under Ru
  6666 | D:8      | Reached skill level 9 in Fighting
  6694 | D:8      | Found Kovecrod's Serpentskin Sales.
  6783 | D:8      | Found a bloodstained altar of Trog.
  6923 | D:4      | Paralysed by Grinder for 3 turns
  6932 | D:4      | Paralysed by Grinder for 3 turns
  6948 | D:4      | Killed Grinder
  6949 | D:4      | Reached XP level 10. HP: 61/66 MP: 10/10
  7010 | D:2      | Bought an amulet of reflection for 420 gold pieces
  7131 | D:8      | Identified the +11 long sword of Defiance {freeze, rCorr
                  | Str+4}
  7235 | D:8      | Reached skill level 1 in Long Blades
  7431 | D:8      | Found a shimmering blue altar of Sif Muna.
  7437 | D:8      | Found an ornate altar of the Wu Jian Council.
  7559 | D:9      | Reached skill level 10 in Fighting
  7620 | D:9      | Found a staircase to the Lair.
  7664 | D:9      | Noticed a two-headed ogre
  7928 | D:9      | Found a runed translucent gate.
  7928 | D:9      | Found a runed translucent gate.
  7928 | D:9      | Found a runed translucent gate.
  7950 | D:9      | Killed a two-headed ogre
  7989 | D:9      | Noticed a two-headed ogre
  7995 | D:9      | Killed a two-headed ogre
  8046 | D:9      | Gained mutation: You cannot study or use magical devices.
                  | [Ru sacrifice]
  8046 | D:9      | Reached *** piety under Ru
  8046 | D:9      | Reached **** piety under Ru
  8679 | D:9      | Noticed G0Dl1kE's ghost (journeyman DjCj)
  8714 | D:10     | Entered Level 10 of the Dungeon
  8717 | D:10     | Noticed Lodul
  9100 | D:10     | Noticed a +0 hand axe
  9100 | D:10     | Noticed a +0 hand axe
  9121 | D:10     | Reached skill level 11 in Fighting
  9135 | D:10     | Reached XP level 11. HP: 74/74 MP: 11/11
  9229 | D:10     | Found a flagged portal.
  9242 | Bailey   | Entered a bailey
  9692 | D:10     | Found an iron altar of Okawaru.
  9698 | D:10     | Reached skill level 5 in Long Blades
  9771 | D:10     | Found a snail-covered altar of Cheibriados.
  9799 | D:10     | Found a hide-covered altar of Uskayaw.
  9962 | D:10     | Noticed a cyclops
  9962 | D:10     | Noticed a red ugly thing
  9962 | D:10     | Noticed an ogre mage
  9965 | D:10     | Noticed a white ugly thing
 10156 | D:10     | Killed a cyclops
 10252 | D:10     | Killed an ogre mage
 10253 | D:10     | Reached skill level 12 in Fighting
 10325 | D:10     | Killed a red ugly thing
 10337 | D:10     | Killed a white ugly thing
 10852 | D:10     | Noticed a centaur warrior
 10861 | D:10     | Killed a centaur warrior
 10979 | D:11     | Reached XP level 12. HP: 33/82 MP: 12/12
 10989 | D:11     | Gained mutation: You cannot be stealthy. [Ru sacrifice]
 11175 | D:11     | Identified the +1 pair of boots of Vuneby {rCorr Int+6}
 11467 | D:11     | Noticed a boulder beetle
 11482 | D:11     | Killed a boulder beetle
 11617 | D:11     | Found a staircase to the Orcish Mines.
 12012 | D:11     | Noticed a four-headed hydra
 12026 | D:11     | Slain by a 12-headed hydra

Illustrated notes

Levels and vault maps discovered:
D:1:      tarquinn_simple_flora_water_b, layout_basic
D:2:      layout_loops_cross, serial_shops, shop, uniq_crazy_yiuf_cottage
D:3:      layout_basic, nicolae_gozag_conspicuous_consumption,
          nicolae_vehumet_radiance
D:4:      layout_cave_pods, mainiacjoe_overflow_six_doors_small,
          kennysheep_cluttered_room, kennysheep_generic_room_8, uniq_grinder,
          uniq_blork_the_orc, uniq_duvessa
D:5:      layout_basic, nicolae_qazlal_scattered_showers
D:6:      layout_basic, lemuel_round_altar, minmay_temple_entry_waves,
          uniq_edmund
D:7:      layout_basic
D:8:      layout_basic, mainiacjoe_overflow_alcove_4, jmf_multi_god_temple2,
          guppyfry_shop_venom
D:9:      layout_irregular_city, fedhas_altar_1, lair_entry_dummy,
          gammafunk_ghost_spectres
D:10:     minmay_the_grid_triangle_9x9_recursive_2
          [minmay_the_grid_triangle_9x9_prize_top_heavy,
          minmay_the_grid_triangle_9x9_stretched_checkered,
          minmay_the_grid_triangle_9x9_wacky_v,
          minmay_the_grid_triangle_9x9_flanged_cone], layout_small_grid,
          kennysheep_mini_moat, nicolae_overflow_crystal_walls,
          dancing_weapons_uskayaw, enter_bailey_3, special_room
          [special_room_orc], uniq_lodul
D:11:     layout_loops_ring, david_orc_5
Temple:   nicolae_temple_ecumenical_triangle

Skill      XL: |  1  2  3  4  5  6  7  8  9 10 11 12 |
---------------+-------------------------------------+-----
Axes           | 2 3 4 |  4.4
Fighting       | 4 5 6 7 9 11 12 | 12.9
Armour         | 4 5 6 7 9 |  9.3
Shields        | 4 5 7 9 |  9.3
Maces & Flails | 2 4 6 |  6.6
Long Blades    | 4 6 7 |  7.3

Action                     |  1- 3 |  4- 6 |  7- 9 | 10-12 || total
---------------------------+-------+-------+-------+-------++-------
  Melee: War axe           |    50 |   102 |    40 |       ||   192
         Flail             |     5 |     9 |       |       ||    14
         Mace              |       |       |   233 |       ||   233
         Long sword        |       |       |       |   484 ||   484
 Invoke: Sacrifice Love    |       |       |     1 |       ||     1
         Sacrifice Artific |       |       |       |     1 ||     1
         Sacrifice Stealth |       |       |       |     1 ||     1
    Use: Scroll            |       |     4 |    12 |     8 ||    24
         Potion            |       |     2 |       |     2 ||     4
   Stab: Paralysed         |       |       |     4 |       ||     4
         Distracted        |       |       |     1 |     2 ||     3
         Invisible         |       |       |       |     1 ||     1
 Armour: Scale mail        |    46 |    43 |       |       ||    89
         Chain mail        |       |    90 |   345 |   425 ||   860
  Dodge: Dodged            |    30 |    57 |   134 |   156 ||   377
  Block: Buckler           |    12 |    24 |    82 |   258 ||   376
         Reflection        |       |       |       |     5 ||     5

Table legend: (Time is in decaauts)
 A = Elapsed time spent in this place.
 B = Non-inter-level travel time spent in this place.
 C = Inter-level travel time spent in this place.
 D = Time resting spent in this place.
 E = Time spent auto-exploring this place.
 F = Levels seen in this place.
 G = Mean time per level.
                   A        B        C        D        E       F      G
               +--------+--------+--------+--------+--------+-----+--------+
         Total |  12431 |  11983 |    448 |   2099 |   6951 |  13 |  956.2 |
       Dungeon |  11887 |  11439 |    448 |   2000 |   6783 |  11 | 1080.6 |
        Temple |    123 |    123 |      0 |     99 |      0 |   1 |  123.0 |
        Bailey |    420 |    420 |      0 |      0 |    168 |   1 |  420.0 |
               +--------+--------+--------+--------+--------+-----+--------+

Top non-repeatable levels by time:
     D:9: 1553 daAuts
    D:10: 1503 daAuts
     D:4: 1306 daAuts
     D:6: 1084 daAuts
    D:11: 1081 daAuts
     D:3: 1010 daAuts
     D:7: 940 daAuts
     D:8: 930 daAuts
     D:1: 909 daAuts
     D:5: 788 daAuts
     D:2: 779 daAuts
  Bailey: 420 daAuts
  Temple: 123 daAuts
